 Dungeon Crawl Stone Soup version 0.16.1-18-g436b03c (webtiles) character file.

1662 Tarnath the Blocker (level 9, -10/105 HPs)
             Began as a Hill Orc Fighter on May 13, 2015.
             Was a Believer of Fedhas.
             Mangled by an orc warrior
             ... wielding a +0 battleaxe
              (16 damage)
             ... on level 7 of the Dungeon.
             The game lasted 00:40:57 (6638 turns).

Tarnath the Blocker (Hill Orc Fighter)              Turns: 6638, Time: 00:40:58

Health: -10/105    AC: 16    Str: 25    XL:     9   Next: 0%
Magic:  9/9        EV:  6    Int:  8    God:    Fedhas [**....]
Gold:   276        SH:  0    Dex: 12    Spells: 0 memorised, 8 levels left

rFire  . . .     SeeInvis .     a - +0 long sword
rCold  . . .     Clarity  .     q - +0 plate armour
rNeg   . . .     SustAb   .     c - +0 shield
rPois  .         Gourm    .     (no helmet)
rElec  .         Spirit   .     g - +0 cloak
rCorr  .         Warding  .     p - +0 pair of gloves
rMut   .         Stasis   .     (no boots)
MR     +....                    (no amulet)
Stlth  ..........               F - ring of protection from magic
                                b - ring of stealth

@: confused, berserking, very quick, somewhat resistant to hostile enchantments,
extremely unstealthy
A: no striking features
a: Evolution, Sunlight, Renounce Religion


You were on level 7 of the Dungeon.
You worshipped Fedhas.
Fedhas was pleased with you.
You were not hungry.

You visited 2 branches of the dungeon, and saw 8 of its levels.

You collected 401 gold pieces.
You spent 125 gold pieces at shops.

Inventory:

Hand weapons
 a - a +0 long sword (weapon)
Armour
 c - a +0 shield (worn)
 g - a +0 cloak (worn)
 i - a +0 ring mail
 p - a +0 pair of gloves (worn)
 q - a +0 plate armour (worn)
 G - a +0 cloak
Jewellery
 b - a ring of stealth (left hand)
 F - a ring of protection from magic (right hand)
Magical devices
 m - a wand of flame (13)
 t - a wand of cold (4)
 B - a wand of polymorph (9)
Scrolls
 j - 7 scrolls of teleportation
 l - a scroll of acquirement {unknown}
 n - a scroll of identify
 r - 4 scrolls of remove curse
 s - a scroll of blinking
 v - a scroll of magic mapping {unknown}
 y - a scroll of noise {unknown}
 z - 2 scrolls of enchant armour {unknown}
 C - a scroll of recharging {unknown}
 D - a scroll of random uselessness {unknown}
Potions
 e - 2 potions of might
 f - a potion of magic
 k - a potion of cancellation
 u - 4 potions of restore abilities
 w - 2 potions of flight
 A - 2 potions of curing
 E - a potion of lignification {unknown}
Comestibles
 d - 7 fruits
 h - 3 meat rations
 o - a royal jelly


   Skills:
 - Level 3.6 Fighting
 * Level 6.6 Long Blades
 * Level 7.3 Armour
 - Level 1.7 Dodging
 * Level 8.3 Shields


You had 8 spell levels left.
You didn't know any spells.

Dungeon Overview and Level Annotations

Branches:
Dungeon (7/15)             Temple (1/1) D:5

Altars:
Cheibriados
Elyvilon
Fedhas
Gozag
Makhleb
Okawaru
Qazlal
Ru
Sif Muna
Trog
Vehumet
Yredelemnul
Zin
The Shining One

Shops:
D:6 *   D:7 }

Annotations:
D:2 Sigmund


Message History

The magic dart hits you!
You're too confused to move!
The orc warrior hits you with a battleaxe!
* * * LOW HITPOINT WARNING * * *
The orc wizard hits you with a dagger.
* * * LOW HITPOINT WARNING * * *
You hit the orc wizard but do no damage.
The orc wizard is moderately wounded.
The orc wizard casts a spell at you. You resist with almost no effort.
The orc warrior hits you with a battleaxe!
* * * LOW HITPOINT WARNING * * *
Drink which item? (? for menu, Esc to quit)
It was a potion of berserk rage.
A red film seems to cover your vision as you go berserk!
You feel yourself moving faster!
You feel mighty!
The orc wizard hits you but does no damage.
The orc warrior hits you with a battleaxe!
You die...
Fedhas appreciates your contribution to the ecosystem.

... ......##......#.. .........
....# ##........ ##.o........
.... ##....... ..o........ ...#
##..P.... ....o..... ..
##..PP.... ....o....# ##.#
#...PP.... ....o....# #..#
##......... .........# #..#
#.......... .........# ##@##
##......... ...รท.....######oo##
#......... .).)...o.o......o.##
#.........
...................#####(......##
...#...............##PP(..######
..###..................#### ##
##..............####
##...#.......### ##.####.......#


You could see an orc warrior, an orc wizard and an orc.

Vanquished Creatures
  A hippogriff (D:7)
  Edmund (D:6)
  Menkaure (D:5)
  A black bear (D:7)
  2 ogres
  3 phantoms
  Blork the orc (D:4)
  A big kobold (D:7)
  A scorpion (D:6)
  A crimson imp (D:6)
  2 hounds (D:6)
  2 jellies (D:5)
  Crazy Yiuf (D:2)
  A giant frog skeleton (D:4)
  A centaur skeleton (D:4)
  3 iguanas
  4 worker ants
  Ijyb (D:4)
  A worker ant zombie (D:6)
  6 adders
  3 worms (D:2)
  An adder skeleton (D:5)
  7 giant geckos
  8 orcs
  3 ball pythons
  A bat zombie (D:5)
  3 giant cockroaches
  10 goblins
  11 hobgoblins
  5 jackals
  20 kobolds
  3 quokkas
  9 bats
  3 giant newts
  A quokka zombie (D:7)
  7 rats
130 creatures vanquished.

Vanquished Creatures (others)
  65 toadstools
65 creatures vanquished.

Grand Total: 195 creatures vanquished

Notes
Turn   | Place    | Note
--------------------------------------------------------------
     0 | D:1      | Tarnath, the Hill Orc Fighter, began the quest for the Orb.
     0 | D:1      | Reached XP level 1. HP: 19/19 MP: 1/1
   169 | D:1      | Reached XP level 2. HP: 24/26 MP: 2/2
   578 | D:1      | Reached skill level 1 in Dodging
   684 | D:2      | Reached XP level 3. HP: 31/31 MP: 3/3
   689 | D:2      | Noticed Sigmund
   774 | D:2      | Reached skill level 4 in Shields
   895 | D:2      | Reached XP level 4. HP: 37/39 MP: 4/4
   978 | D:2      | Found a deep blue altar of Sif Muna.
  1288 | D:2      | Noticed Crazy Yiuf
  1302 | D:2      | Killed Crazy Yiuf
  1302 | D:2      | Reached XP level 5. HP: 8/45 MP: 5/5
  1688 | D:3      | Found a basalt altar of Yredelemnul.
  1813 | D:3      | Found a blossoming altar of Fedhas.
  1822 | D:3      | Became a worshipper of Fedhas Madash
  1829 | D:3      | Noticed an oklob plant
  2681 | D:4      | Found a radiant altar of Vehumet.
  2730 | D:4      | Noticed Blork the orc
  2752 | D:4      | Killed Blork the orc
  2752 | D:4      | Reached skill level 5 in Shields
  2752 | D:4      | Reached XP level 6. HP: 9/51 MP: 6/6
  3082 | D:4      | Found a stormy altar of Qazlal.
  3092 | D:4      | Noticed an ogre
  3395 | D:4      | Noticed Ijyb
  3413 | D:4      | Killed Ijyb
  3540 | D:4      | Acquired Fedhas' first power
  3580 | D:4      | Noticed a phantom
  3628 | D:4      | Killed a phantom
  3628 | D:4      | Reached skill level 5 in Armour
  3692 | D:5      | Entered Level 5 of the Dungeon
  3748 | D:5      | Found an iron altar of Okawaru.
  3767 | D:5      | Reached XP level 7. HP: 32/57 MP: 7/7
  4029 | D:5      | Found a burning altar of Makhleb.
  4083 | D:5      | Found a staircase to the Ecumenical Temple.
  4090 | Temple   | Entered the Ecumenical Temple
  4129 | D:5      | Noticed Menkaure
  4140 | D:5      | Killed Menkaure
  4140 | D:5      | Reached skill level 6 in Shields
  4573 | D:5      | Killed an ogre
  4573 | D:5      | Reached skill level 5 in Long Blades
  4902 | D:6      | Reached XP level 8. HP: 42/64 MP: 8/8
  5184 | D:6      | Reached skill level 7 in Shields
  5302 | D:6      | Found Millod's Assorted Antiques.
  5317 | D:6      | Bought a potion of curing for 75 gold pieces
  5317 | D:6      | Bought a scroll of identify for 50 gold pieces
  5568 | D:6      | Noticed a hill giant
  5878 | D:6      | Noticed Edmund
  5945 | D:6      | Killed Edmund
  6043 | D:6      | Acquired Fedhas' second power
  6094 | D:7      | Found Uduwk's Quality Used Wands.
  6365 | D:7      | Reached skill level 8 in Shields
  6425 | D:7      | Reached XP level 9. HP: 25/70 MP: 9/9
  6638 | D:7      | Mangled by an orc warrior

Action                   |  1- 3 |  4- 6 |  7- 9 || total
-------------------------+-------+-------+-------++-------
Melee: Long sword        |   105 |   277 |   348 ||   730
  Use: Scroll            |     4 |     6 |     2 ||    12
       Potion            |       |     2 |     2 ||     4
  Eat: Meat ration       |     1 |       |       ||     1
       Fruit             |       |     3 |       ||     3
       Chunk             |       |     2 |       ||     2
       Bread ration      |       |       |     2 ||     2
       Pizza             |       |       |     1 ||     1
